3L
MONTANA PANDAS @ HARTFORD WHALERS
07/10/2021
 
TOP OF THE 1ST
Montana Pandas batting - Pitching for Hartford Whalers : RHP Collin Hill
Pitching: RHP Collin Hill
Batting: SHB Mustapha Gonzales 0-0: Ball
1-0: Ball
2-0: Called Strike
2-1: Called Strike
2-2: Ball
3-2: Base on Balls
Batting: RHB Thomas Vaughan 0-0: Ball
1-0: Called Strike
1-1: Called Strike
1-2: Strikes out looking
Batting: LHB Steve Riggs 0-0: Called Strike
0-1: Grounds into double play, 4-6-3 (Groundball, 4)
Top of the 1st over - 0 run(s), 0 hit(s), 0 error(s), 0 left on base; Montana 0 - Hartford 0
BOTTOM OF THE 1ST
Hartford Whalers batting - Pitching for Montana Pandas : RHP Tom Bowen
Pitching: RHP Tom Bowen
Batting: RHB Javier Díaz 0-0: Ball
1-0: Ground out 6-3 (Groundball, 6)
Batting: RHB Román Centena 0-0: Ground out U3 (Groundball, 3)
Batting: LHB César Durán 0-0: Swinging Strike
0-1: Called Strike
0-2: Fly out, F7 (Line Drive, 7M)
Bottom of the 1st over - 0 run(s), 0 hit(s), 0 error(s), 0 left on base; Montana 0 - Hartford 0
TOP OF THE 2ND
Montana Pandas batting - Pitching for Hartford Whalers : RHP Collin Hill
Batting: LHB Jeff Lee 0-0: Ground out 6-3 (Groundball, 6M)
Batting: LHB Albert González 0-0: Fly out, F4 (Line Drive, 4)
Batting: LHB Alberto Torres 0-0: Ball
1-0: Called Strike
1-1: Ball
2-1: Called Strike
2-2: Ball
3-2: Foul Ball, location: 2F
3-2: Foul Ball, location: 2F
3-2: Base on Balls
Batting: LHB Luis Costello 0-0: Ground out U3 (Groundball, 3)
Top of the 2nd over - 0 run(s), 0 hit(s), 0 error(s), 1 left on base; Montana 0 - Hartford 0
BOTTOM OF THE 2ND
Hartford Whalers batting - Pitching for Montana Pandas : RHP Tom Bowen
Batting: RHB Akahele Kimokeo 0-0: SINGLE (Groundball, 56D)
Batting: LHB Gerald Holloway 0-0: Ball
1-0: Fly out, F4 (Line Drive, 4)
Batting: RHB Brent Burgess 0-0: Called Strike
0-1: Ball
1-1: Ball
2-1: Called Strike
2-2: Ground out 5-3 (Groundball, 56S)
Akahele Kimokeo to second
Batting: SHB Julian Anthony 0-0: Called Strike
0-1: Ball
1-1: Ball
2-1: Ball
3-1: Fly out, F7 (Flyball, 78M)
Bottom of the 2nd over - 0 run(s), 1 hit(s), 0 error(s), 1 left on base; Montana 0 - Hartford 0
TOP OF THE 3RD
Montana Pandas batting - Pitching for Hartford Whalers : RHP Collin Hill
Batting: RHB Miguel Márquez 0-0: SINGLE (Groundball, 23) (infield hit)
Batting: RHB Pancho Salaedo 0-0: Called Strike
0-1: Ball
1-1: Called Strike
1-2: Strikes out looking
Batting: SHB Mustapha Gonzales 0-0: Swinging Strike
0-1: Ball
1-1: Ball
2-1: Swinging Strike
2-2: Strikes out swinging
Batting: RHB Thomas Vaughan 0-0: Foul Ball, location: 2F
0-1: Foul Ball, location: 2F
0-2: Foul Ball, location: 2F
0-2: Ball
1-2: Foul Ball, location: 2F
1-2: Ball
2-2: Fielders Choice at 2nd, U6 (Groundball, 6M)
Top of the 3rd over - 0 run(s), 1 hit(s), 0 error(s), 1 left on base; Montana 0 - Hartford 0
BOTTOM OF THE 3RD
Hartford Whalers batting - Pitching for Montana Pandas : RHP Tom Bowen
Batting: RHB Mal Green 0-0: Ball
1-0: Ball
2-0: Called Strike
2-1: Ball
3-1: Fly out, F7 (Line Drive, 7M)
Batting: RHB Dave O'Day 0-0: Ball
1-0: Ball
2-0: Called Strike
2-1: Fly out, F9 (Line Drive, 9M)
Batting: RHB Javier Díaz 0-0: Called Strike
0-1: Ball
1-1: Foul Ball, location: 2F
1-2: Foul Ball, location: 2F
1-2: Strikes out looking
Bottom of the 3rd over - 0 run(s), 0 hit(s), 0 error(s), 0 left on base; Montana 0 - Hartford 0
TOP OF THE 4TH
Montana Pandas batting - Pitching for Hartford Whalers : RHP Collin Hill
Batting: LHB Steve Riggs 0-0: Fly out, F7 (Flyball, 7LMF)
Batting: LHB Jeff Lee 0-0: Foul Ball, location: 2F
0-1: Fly out, F7 (Flyball, 78S)
Batting: LHB Albert González 0-0: Called Strike
0-1: Ground out 4-3 (Groundball, 4)
Top of the 4th over - 0 run(s), 0 hit(s), 0 error(s), 0 left on base; Montana 0 - Hartford 0
BOTTOM OF THE 4TH
Hartford Whalers batting - Pitching for Montana Pandas : RHP Tom Bowen
Batting: RHB Román Centena 0-0: Swinging Strike
0-1: Foul Ball, location: 2F
0-2: Foul Ball, location: 2F
0-2: Ball
1-2: Strikes out swinging
Batting: LHB César Durán 0-0: Called Strike
0-1: Ball
1-1: Foul Ball, location: 2F
1-2: Foul Ball, location: 2F
1-2: Fly out, F9 (Line Drive, 9M)
Batting: RHB Akahele Kimokeo 0-0: Called Strike
0-1: Ground out 6-3 (Groundball, 6)
Bottom of the 4th over - 0 run(s), 0 hit(s), 0 error(s), 0 left on base; Montana 0 - Hartford 0
TOP OF THE 5TH
Montana Pandas batting - Pitching for Hartford Whalers : RHP Collin Hill
Batting: LHB Alberto Torres 0-0: Ball
1-0: Ball
2-0: Called Strike
2-1: Swinging Strike
2-2: Ball
3-2: Base on Balls
Batting: LHB Luis Costello 0-0: Ball
1-0: Called Strike
1-1: Swinging Strike
1-2: Foul Ball, location: 2F
1-2: SINGLE (Groundball, 34D)
Alberto Torres to second
Runner from 2nd tries for 3rd, SAFE, throw made to third
Batting: RHB Miguel Márquez 0-0: Ball
1-0: Called Strike
1-1: Fly out, F5 (Line Drive, 5)
Batting: RHB Pancho Salaedo 0-0: Called Strike
0-1: Ball
1-1: Fly out, F9 (Flyball, 9M)
1-1: Fly out, F9 (Flyball, 9M)
Batting: SHB Mustapha Gonzales 0-0: Foul Ball, location: 2F
0-1: Ball
1-1: Ball
Wild Pitch!
Alberto Torres scores
Luis Costello to second
2-1: Fly out, F9 (Flyball, 9S)
Top of the 5th over - 1 run(s), 1 hit(s), 0 error(s), 1 left on base; Montana 1 - Hartford 0
BOTTOM OF THE 5TH
Hartford Whalers batting - Pitching for Montana Pandas : RHP Tom Bowen
Batting: LHB Gerald Holloway 0-0: Ball
1-0: Swinging Strike
1-1: SINGLE (Flyball, 9LM)
Batting: RHB Brent Burgess 0-0: Bunted foul
0-1: Bunted foul
0-2: Foul Ball, location: 2F
0-2: Fly out, F3 (Popup, 3SF)
Batting: SHB Julian Anthony 0-0: Called Strike
0-1: Ball
1-1: Fly out, F6 (Popup, 56D)
Batting: RHB Mal Green 0-0: Swinging Strike
0-1: Swinging Strike
0-2: Fly out, F9 (Flyball, 9LM)
Bottom of the 5th over - 0 run(s), 1 hit(s), 0 error(s), 1 left on base; Montana 1 - Hartford 0
TOP OF THE 6TH
Montana Pandas batting - Pitching for Hartford Whalers : RHP Collin Hill
Batting: RHB Thomas Vaughan 0-0: Ball
1-0: Ball
2-0: Foul Ball, location: 2F
2-1: Called Strike
2-2: Strikes out looking
Batting: LHB Steve Riggs 0-0: Ball
1-0: Ball
2-0: Called Strike
2-1: Called Strike
2-2: Foul Ball, location: 2F
2-2: Ball
3-2: Ground out 1-3 (Groundball, 25)
Batting: LHB Jeff Lee 0-0: Ball
1-0: Foul Ball, location: 2F
1-1: SINGLE (Line Drive, 4MD)
Batting: LHB Albert González 0-0: Ball
1-0: Foul Ball, location: 2F
1-1: Ball
2-1: Fielders Choice at 2nd, 6-4 (Groundball, 6)
Top of the 6th over - 0 run(s), 1 hit(s), 0 error(s), 0 left on base; Montana 1 - Hartford 0
BOTTOM OF THE 6TH
Hartford Whalers batting - Pitching for Montana Pandas : RHP Tom Bowen
Batting: RHB Dave O'Day 0-0: Called Strike
0-1: Ball
1-1: Ball
2-1: Fly out, F8 (Line Drive, 8LS)
Batting: RHB Javier Díaz 0-0: Called Strike
0-1: Swinging Strike
0-2: Strikes out looking
Batting: RHB Román Centena 0-0: Swinging Strike
0-1: Foul Ball, location: 2F
0-2: SINGLE (Line Drive, 7S)
Pitching: RHP Jason McKinney
Batting: LHB César Durán 0-0: Fly out, F8 (Flyball, 89XD)
Bottom of the 6th over - 0 run(s), 1 hit(s), 0 error(s), 1 left on base; Montana 1 - Hartford 0
TOP OF THE 7TH
Montana Pandas batting - Pitching for Hartford Whalers : RHP Collin Hill
Batting: LHB Alberto Torres 0-0: Called Strike
0-1: SINGLE (Line Drive, 56)
Batting: LHB Luis Costello 0-0: Called Strike
0-1: Ball
1-1: Ball
2-1: Swinging Strike
2-2: Foul Ball, location: 2F
2-2: Foul Ball, location: 2F
2-2: Ball
3-2: SINGLE (Groundball, 6MD)
Alberto Torres to second
Batting: RHB Miguel Márquez 0-0: Called Strike
0-1: Ball
1-1: Ball
2-1: Foul Ball, location: 2F
2-2: Ball
3-2: Base on Balls
Alberto Torres to third
Luis Costello to second
Pitching: RHP Guillermo Pérez
Batting: RHB Pancho Salaedo 0-0: Ball
1-0: Ball
2-0: Fly out, F6 (Popup, 6M)
Batting: SHB Mustapha Gonzales 0-0: Ball
1-0: Swinging Strike
1-1: Ball
2-1: Foul Ball, location: 2F
2-2: Foul Ball, location: 2F
2-2: Fly out, F7 (Flyball, 78D)
Runner from 3rd tags up, SCORES, no throw
Batting: RHB Thomas Vaughan 0-0: Ball
1-0: Fielders Choice at 2nd, 5-4 (Groundball, 5)
Top of the 7th over - 1 run(s), 2 hit(s), 0 error(s), 1 left on base; Montana 2 - Hartford 0
BOTTOM OF THE 7TH
Hartford Whalers batting - Pitching for Montana Pandas : RHP Jason McKinney
Batting: RHB Akahele Kimokeo 0-0: Called Strike
0-1: Ball
1-1: Foul Ball, location: 2F
1-2: Ball
2-2: Foul Ball, location: 2F
2-2: Ball
3-2: Ground out 6-3 (Groundball, 6)
Batting: LHB Gerald Holloway 0-0: Ball
1-0: Called Strike
1-1: Foul Ball, location: 2F
1-2: Ball
2-2: Foul Ball, location: 2F
2-2: Fly out, F8 (Flyball, 8LM)
Batting: RHB Brent Burgess 0-0: Called Strike
0-1: SINGLE (Line Drive, 6M)
Batting: SHB Julian Anthony 0-0: Ball
1-0: Fly out, F9 (Flyball, 9M)
Bottom of the 7th over - 0 run(s), 1 hit(s), 0 error(s), 1 left on base; Montana 2 - Hartford 0
TOP OF THE 8TH
Montana Pandas batting - Pitching for Hartford Whalers : RHP Guillermo Pérez
Batting: LHB Steve Riggs 0-0: Ground out 4-3 (Groundball, 4)
Batting: LHB Jeff Lee 0-0: Foul Ball, location: 2F
0-1: Ball
1-1: Ball
2-1: Foul Ball, location: 2F
2-2: Fly out, F7 (Flyball, 78M)
Batting: LHB Albert González 0-0: Ball
1-0: Called Strike
1-1: Foul Ball, location: 2F
1-2: Strikes out swinging
Top of the 8th over - 0 run(s), 0 hit(s), 0 error(s), 0 left on base; Montana 2 - Hartford 0
BOTTOM OF THE 8TH
Hartford Whalers batting - Pitching for Montana Pandas : RHP Jason McKinney
Batting: RHB Mal Green 0-0: Called Strike
0-1: Ball
1-1: Ball
2-1: Called Strike
2-2: Ball
3-2: Ground out 6-3 (Groundball, 6M)
Batting: RHB Dave O'Day 0-0: Ball
1-0: Swinging Strike
1-1: Ground out 1-3 (Groundball, 13)
Batting: RHB Javier Díaz 0-0: Called Strike
0-1: Ball
1-1: Ball
2-1: Ball
3-1: SINGLE (Groundball, 5D)
Batting: RHB Román Centena 0-0: Called Strike
0-1: Ball
1-1: Ball
2-1: Ball
3-1: Foul Ball, location: 2F
3-2: Foul Ball, location: 2F
3-2: Foul Ball, location: 2F
3-2: Strikes out swinging
Bottom of the 8th over - 0 run(s), 1 hit(s), 0 error(s), 1 left on base; Montana 2 - Hartford 0
TOP OF THE 9TH
Montana Pandas batting - Pitching for Hartford Whalers : RHP Guillermo Pérez
Batting: LHB Alberto Torres 0-0: Ball
1-0: Called Strike
1-1: Swinging Strike
1-2: SINGLE (Groundball, 34D)
Batting: LHB Luis Costello 0-0: Ball
1-0: Fly out, F5 (Popup, 5SF)
Batting: RHB Miguel Márquez 0-0: Called Strike
0-1: Ball
1-1: Foul Ball, location: 2F
1-2: Strikes out swinging
Batting: RHB Pancho Salaedo 0-0: Called Strike
0-1: Foul Ball, location: 2F
0-2: Ball
1-2: SINGLE (Groundball, 56D)
Alberto Torres to second
Pitching: LHP Francisco Chávez
Pinch Hitting: RHB Soseki Matsunaga 0-0: Ball
1-0: Ground out 6-3 (Groundball, 56)
Top of the 9th over - 0 run(s), 2 hit(s), 0 error(s), 2 left on base; Montana 2 - Hartford 0
BOTTOM OF THE 9TH
Hartford Whalers batting - Pitching for Montana Pandas : RHP Jason McKinney
Pitching: RHP Elvin Brooks
Now in CF: Mauro López
Batting: LHB César Durán 0-0: Ball
1-0: Called Strike
1-1: Ball
2-1: Ball
3-1: Base on Balls
Batting: RHB Akahele Kimokeo 0-0: Grounds into double play, 6-4-3 (Groundball, 6)
Batting: LHB Gerald Holloway 0-0: Ball
1-0: Ground out 1-3 (Groundball, 13S)
Bottom of the 9th over - 0 run(s), 0 hit(s), 0 error(s), 0 left on base; Montana 2 - Hartford 0
This league is powered by Out of the Park Baseball, the baseball management simulation game for PC, Mac and Linux
Friday, January 22nd, 2016 - OOTP Baseball 16.9 Build 39